 Dungeon Crawl Stone Soup version 0.29-a0-297-g7659ce593d (webtiles) character file.

Game seed: 2876876164816243374

197 Dabor the Ruffian (level 5, 0/26 HPs)
             Began as a Vine Stalker Transmuter on Mar 21, 2022.
             Succumbed to a scorpion's poison
             ... on level 4 of the Dungeon.
             The game lasted 00:04:15 (3711 turns).

Dabor the Ruffian (Vine Stalker Transmuter)         Turns: 3711, Time: 00:04:15

Health: 0/26       AC:  2    Str: 15    XL:     5   Next: 75%
Magic:  6/10       EV: 12    Int: 13    God:
Gold:   184        SH:  0    Dex: 14    Spells: 7/10 levels left

rFire   . . .      SeeInvis .     - Unarmed
rCold   . . .      Faith    .   (no shield)
rNeg    . . .      Spirit   +   a - +0 robe
rPois   .          Reflect  .   (no helmet)
rElec   .          Harm     .   (no cloak)
rCorr   .          Rampage  .   (no gloves)
Will    .....                   (no boots)
Stlth   +.........              (no amulet)
HPRegen 0.88/turn               (no ring)
MPRegen 0.12/turn               (no ring)

@: lethally poisoned (0 -> -5), wereblooded
A: fangs 2, regeneration 1, magic shield, antimagic bite, no potion heal 2
a: no special abilities


You were on level 4 of the Dungeon.
You visited 1 branch of the dungeon, and saw 4 of its levels.

You collected 184 gold pieces.

Inventory:

Armour
 a - a +0 robe (worn)
Jewellery
 f - a ring of wizardry
 i - a +4 ring of evasion
 n - a ring of poison resistance
Wands
 p - a wand of mindburst (19)
Scrolls
 c - 3 scrolls of identify {unknown}
 d - a scroll of enchant armour {unknown}
 e - a scroll of enchant weapon {unknown}
 h - a scroll of brand weapon {unknown}
 j - a scroll of teleportation {unknown}
 l - a scroll of fear {unknown}
 m - a scroll of magic mapping {unknown}
Potions
 b - 2 potions of lignification
 g - a potion of might {unknown}
 k - a potion of magic {unknown}
 o - a potion of haste {unknown}


   Skills:
 + Level 2.2 Fighting
 + Level 2.5 Dodging
 + Level 3.8 Unarmed Combat
 + Level 3.2 Spellcasting
 + Level 3.1 Transmutations


You had 7 spell levels left.
You knew the following spells:

 Your Spells              Type           Power      Damage    Failure   Level
a - Beastly Appendage     Tmut           20%        N/A       6%          1
b - Wereblood             Tmut           10%        N/A       10%         2

Your spell library contained the following spells:

 Spells                   Type           Power      Damage    Failure   Level
 Spider Form              Tmut/Pois      6%         N/A       34%         3
 Ice Form                 Ice/Tmut       6%         N/A       75%         4


Dungeon Overview and Level Annotations

Branches:
Dungeon (4/15)
 Temple: D:4-7

Altars:
Fedhas
Yredelemnul


Innate Abilities, Weirdness & Mutations

You have extremely sharp teeth.
Your natural rate of healing is unusually fast.
When hurt, damage is shared between your health and your magic reserves.
Your bite disrupts and absorbs the magic of your enemies.
Potions cannot restore your health.


Message History

You feel sick. The scorpion stings you.
You are more poisoned.
The scorpion poisons you!
You hit the scorpion but do no damage.
You bite the scorpion, but do no damage.
The scorpion is lightly wounded.
You feel very sick. The scorpion stings you.
You barely miss the scorpion. You bite the scorpion. You drain its power.
You feel invigorated.
The scorpion is moderately wounded.
You feel very sick.
The scorpion stings you but does no damage.
You closely miss the scorpion.
You bite the scorpion, but do no damage.
The scorpion is moderately wounded.
You feel sick. The scorpion barely misses you.
You barely miss the scorpion.
You bite the scorpion, but do no damage.
The scorpion is moderately wounded.
You feel sick. The scorpion stings you.
* * * LOW HITPOINT WARNING * * *
You are lethally poisoned!
The scorpion poisons you!
You hit the scorpion.
You bite the scorpion, but do no damage.
The scorpion is moderately wounded.
* * * LOW HITPOINT WARNING * * *
You feel very sick. The scorpion barely misses you. The scorpion stings you.
* * * LOW HITPOINT WARNING * * *
You hit the scorpion but do no damage.
You bite the scorpion, but do no damage.
The scorpion is moderately wounded.
* * * LOW HITPOINT WARNING * * *
You feel very sick.
The scorpion stings you but does no damage.
You barely miss the scorpion.
The scorpion is moderately wounded.
You die...

####.#####...##
........###<..##
.###.##..#.....#
#[##.#.#........
#...###.#.#.####
####.#.##.#.#
#.######......).#
#.PPP..#.####.#.
#[P.PP@..# .#.#
#P._.s#### .# .
#P..PP #..P..
#.##.. #. #.# .
.. #.


You could see a scorpion.

Vanquished Creatures
  A scorpion (D:3)
  Natasha (D:2)
  4 adders
  A worm (D:2)
  An orc (D:3)
  6 ball pythons
  8 endoplasms
  4 giant cockroaches
  8 hobgoblins
  11 jackals
  A quokka (D:3)
  5 bats
  3 frilled lizards
  4 goblins
  5 kobolds
  5 rats
68 creatures vanquished.

Vanquished Creatures (others)
  2 fungi (D:4)
2 creatures vanquished.

Grand Total: 70 creatures vanquished

Notes
Turn   | Place    | Note
-------+----------+-------------------------------------------
     0 | D:1      | Dabor the Vine Stalker Transmuter began the quest for the
                  | Orb.
     0 | D:1      | Reached XP level 1. HP: 9/9 MP: 4/4
    12 | D:1      | You fall into a shaft and drop 1 floor!
    86 | D:1      | Reached skill level 1 in Fighting
    93 | D:1      | Reached XP level 2. HP: 8/14 MP: 4/6
   319 | D:1      | Learned a level 2 spell: Wereblood
  1046 | D:1      | Reached XP level 3. HP: 18/18 MP: 3/7
  1957 | D:2      | Gained mutation: Your natural rate of healing is unusually
                  | fast. [Vine Stalker growth]
  1957 | D:2      | Reached XP level 4. HP: 22/22 MP: 6/9
  2020 | D:2      | Noticed Natasha
  2035 | D:2      | Killed Natasha
  2491 | D:3      | Noticed a scorpion
  2504 | D:3      | Killed a scorpion
  2505 | D:3      | Reached XP level 5. HP: 15/26 MP: 6/10
  2982 | D:3      | Found a basalt altar of Yredelemnul.
  3693 | D:4      | Found a blossoming altar of Fedhas.
  3710 | D:4      | HP: 1/26 [poisoned by a scorpion]
  3711 | D:4      | Succumbed to a scorpion's poison

Illustrated notes

Levels and vault maps discovered:
D:1:      minmay_arrival_solitary_statue, layout_basic,
          minmay_misc_feat_diagonals, minmay_distorted
D:2:      layout_basic, minmay_indecisive_spiral, uniq_natasha
D:3:      layout_basic, general_overflow_altar, serial_co_window_serial,
          co_window_paths_b, co_window_paths_b, co_window_paths_b,
          co_window_paths_a, co_window_paths_a, co_window_paths_b,
          co_window_cross_1, co_window_broadway_c, co_window_corner_b,
          co_window_broadway_a, glass_columns_b, glass_columns_a,
          glass_columns_b, glass_columns_b, glass_columns_a
D:4:      layout_loops_corners, fedhas_altar_3, hangedman_ru_absence,
          serial_glass, glass_columns_b, glass_columns_b

Skill      XL: |  1  2  3  4 |
---------------+-------------+-----
Fighting       | 1 2 |  2.2
Dodging        | 2 |  2.5
Spellcasting   | 3 |  3.2
Transmutations | 3 |  3.1
Unarmed Combat | |  3.8

Action                   |  1- 3 |  4- 6 || total
-------------------------+-------+-------++-------
Melee: Unarmed           |   103 |    89 ||   192
       Headbutt          |     9 |     6 ||    15
       Bite              |    22 |    25 ||    47
       Kick              |    12 |    14 ||    26
       Punch             |     1 |     2 ||     3
 Cast: Beastly Appendage |    12 |    11 ||    23
       Wereblood         |     5 |     5 ||    10
 Stab: Sleeping          |     1 |       ||     1
       Distracted        |       |     1 ||     1
Armor: Robe              |    11 |    20 ||    31
Dodge: Dodged            |    56 |    56 ||   112

Table legend: (Time is in decaauts)
 A = Elapsed time spent in this place.
 B = Non-inter-level travel time spent in this place.
 C = Inter-level travel time spent in this place.
 D = Time resting spent in this place.
 E = Time spent auto-exploring this place.
 F = Levels seen in this place.
 G = Mean time per level.
                   A        B        C        D        E       F      G
               +--------+--------+--------+--------+--------+-----+--------+
         Total |   3700 |   3601 |     99 |    542 |   2551 |   4 |  925.0 |
       Dungeon |   3700 |   3601 |     99 |    542 |   2551 |   4 |  925.0 |
               +--------+--------+--------+--------+--------+-----+--------+

Top non-repeatable levels by time:
     D:1: 1594 daAuts
     D:3: 1222 daAuts
     D:2: 854 daAuts
     D:4: 29 daAuts
